 Dungeon Crawl Stone Soup version 0.25-a0-110-ge29c8f2358 (webtiles) character file.

Game seed: 10102208243402886617, levelgen mode: deterministic

4778 vurker the Cleaver (level 10, -26/74 HPs)
             Began as a Formicid Abyssal Knight on Nov 19, 2019.
             Was a Believer of Lugonu.
             Killed by the air
             ... invoked by Gastronok
              (38 damage)
             ... on level 9 of the Dungeon.
             The game lasted 00:19:55 (10354 turns).

vurker the Cleaver (Formicid Abyssal Knight)       Turns: 10354, Time: 00:19:55

Health: -26/74     AC: 10    Str: 22    XL:     10   Next: 75%
Magic:  16/16      EV:  7    Int: 13    God:    Lugonu [**....]
Gold:   369        SH: 12    Dex: 12    Spells: 9/9 levels left

rFire    . . .     SeeInvis +   a - +1 hand axe
rCold    . . .     Gourm    .   r - +2 shield
rNeg     . . .     Faith    .   k - +0 scale mail of Watt {rPois Regen+ Str+3} (curse)
rPois    +         Spirit   .   (helmet unavailable)
rElec    +         Reflect  +   d - +0 cloak
rCorr    .         Harm     .   n - +1 pair of gloves
MR       +....                  j - +0 pair of boots
Stlth    ..........             l - +2 amulet of reflection
HPRegen  0.62/turn              (no ring)
MPRegen  0.15/turn              (no ring)

@: no status effects
A: permanent stasis, dig shafts and tunnels, four strong arms, antennae 3, agile
1, frail 1, sense surroundings 1, electricity resistance, evolution 1
a: Dig, Shaft Self, Depart the Abyss, Bend Space, Renounce Religion


You were on level 9 of the Dungeon.
You worshipped Lugonu.
Lugonu was pleased with you.
You were very hungry.

You visited 1 branch of the dungeon, and saw 9 of its levels.
You visited the Abyss 1 time.

You collected 369 gold pieces.

Inventory:

Hand Weapons
 a - a +1 hand axe (weapon)
Missiles
 q - 2 throwing nets (quivered)
Armour
 d - a +0 cloak (worn)
   (You found it on level 3 of the Dungeon)
 j - a +0 pair of boots (worn)
   (You found it on level 7 of the Dungeon)
 k - the cursed +0 scale mail of Watt (worn) {rPois Regen+ Str+3}
   (You found it on level 5 of the Dungeon)

   It affects your strength (+3).
   It protects you from poison.
   It increases your rate of regeneration.
   It has a curse placed upon it.
 n - a +1 pair of gloves (worn)
   (You found it on level 5 of the Dungeon)
 p - a cursed +0 plate armour
   (You found it on level 6 of the Dungeon)
 r - a +2 shield (worn)
   (You took it off a gnoll sergeant on level 9 of the Dungeon)
Jewellery
 l - a +2 amulet of reflection (around neck)
   (You took it off a hobgoblin on level 2 of the Dungeon)
Wands
 v - a wand of digging (5)
   (You found it on level 8 of the Dungeon)
Scrolls
 b - a scroll of fear
 c - 3 scrolls of immolation
 o - 2 scrolls of identify
Potions
 f - 2 potions of flight
 g - a potion of cancellation
 h - a potion of agility
 i - 4 potions of curing
 m - 4 potions of heal wounds
Comestibles
 e - 10 rations


   Skills:
 + Level 9.0 Fighting
 * Level 10.7 Axes
 - Level 2.1 Armour
 - Level 0.8 Dodging
 + Level 1.0 Shields
 + Level 9.2 Invocations


You had 9 spell levels left.
You didn't know any spells.
Your spell library contained the following spells:

 Spells                   Type           Power        Failure   Level  Hunger
 Animate Skeleton         Necr           N/A          99%         1    ##.....
 Apportation              Tloc           #.....       99%         1    ##.....
 Confusing Touch          Hex            #.....       99%         1    ##.....
 Magic Dart               Conj           #...         99%         1    ##.....
 Summon Small Mammal      Summ           #...         99%         1    ##.....
 Searing Ray              Conj           #.....       100%        2    ###....
 Dazzling Spray           Conj/Hex       #.....       100%        3    ####...
 Force Lance              Conj/Tloc      #.......     100%        4    #####..
 Fulminant Prism          Conj/Hex       #.........   100%        4    #####..
 Iskenderun's Mystic Bla  Conj           #.......     100%        4    #####..


Dungeon Overview and Level Annotations

Branches:
Dungeon (9/15)             Temple (0/1) D:6            Lair (0/6) D:8
    Orc: D:9-12

Altars:
Ashenzari
Cheibriados
Dithmenos
Elyvilon
Fedhas
Hepliaklqana
Makhleb
Nemelex Xobeh
Okawaru
Sif Muna
Vehumet
Yredelemnul
Zin

Annotations:
D:8 2 transporters, bmj180's ghost, novice HOFi
D:9 Gastronok
Abyss:1 Joseph


Innate Abilities, Weirdness & Mutations

You cannot be hasted, slowed, berserked, paralysed or teleported.
You can dig through walls and to a lower floor.
Your four strong arms can wield two-handed weapons with a shield.
You have a pair of large antennae on your head. (SInv)
You are agile. (Dex +2)
You are frail. (-10% HP)
You passively map a small area around you.
You are resistant to electric shocks. (rElec)
You evolve.


Message History

You feel a genetic drift.
You see here a long sword.
Done exploring.
Done exploring.
Done exploring.
Gastronok gurgles horribly!
Gastronok mumbles some strange words.
Your legs wobble like jelly.
Gastronok is too close now for your liking.
Gastronok gurgles.
Gastronok chants a spell, wobbling all the while.
Gastronok puts on a burst of speed!
Okay, then.
Here: Gastronok, wearing a +2 hat (covering ground quickly)
The floor.
Gastronok bites you!!
You hit Gastronok. You hit Gastronok but do no damage. You slash Gastronok!
Gastronok barely misses you.
You hit Gastronok. You hit Gastronok but do no damage. You hit Gastronok.
You block Gastronok's attack.
You hit Gastronok but do no damage. You hit Gastronok.
You are feeling very hungry.
Gastronok barely misses you.
Aim: Gastronok, wearing a +2 hat (lightly wounded, covering ground quickly)
The bolt of acid hits Gastronok!
Gastronok is splashed with acid.
The acid corrodes Gastronok!
You hit Gastronok. Gastronok bites you but does no damage.
You hit Gastronok.
Your shield and scale mail of Watt prevent you from hitting Gastronok.
Gastronok bites you!
Aim: Gastronok, wearing a +2 hat (moderately wounded, covering ground quickly, covered in acid)
The bolt of acid hits Gastronok!
Gastronok is splashed with acid.
The now-empty wand crumbles to dust.
Gastronok is no longer covered in acid.
Your shield and scale mail of Watt prevent you from hitting Gastronok.
Gastronok glows a brilliant shade of cerise.
You hit Gastronok. You hit Gastronok but do no damage.
You hit Gastronok but do no damage. Gastronok bites you!!
* * * LOW HITPOINT WARNING * * *
You completely miss Gastronok.
Gastronok waves his eye-stalks in wide circles.
The air twists around and strikes you!
* * * LOW HITPOINT WARNING * * *
Gastronok waves his eye-stalks in wide circles.
The air twists around and strikes you!!!
Ouch! That really hurt!
You die...

#.>........# #.......#####
#.########.# #.#...#.#....
#.# #.####.......#....
##.########.....<........###
#....รท))).......#...........
#..############.............
#..## ####...###.###
#...############ ##w## #.# #
#.#........@...####.####?###
#...########......#.........
#..## #.#...w....###### #..#
#.####.##..# #..# #.# #.##..#
#..# #.# #.##..# #..## #.#
#.##..# #...# #.# #.....#
#...########.# ####.## #


You could see Gastronok.

Vanquished Creatures
  A hungry ghost (D:5)
  Menkaure (D:5)
  A porcupine (D:8)
  An orc warrior (D:9)
  An eye of draining (D:8)
  2 sky beasts
  An ice beast (D:5)
  2 black bears (D:7)
  2 phantoms
  An ogre (D:9)
  A centaur (D:8)
  A crocodile (D:8)
  Blork the orc (D:4)
  8 bullfrogs
  A gnoll sergeant (D:9)
  A wyvern zombie (D:7)
  4 scorpions
  3 howler monkeys
  2 crimson imps (D:5)
  A bullfrog skeleton (D:4)
  4 hounds
  3 orc priests
  A centaur skeleton (D:5)
  8 orc wizards
  4 worker ants
  2 hound zombies
  A hound skeleton (D:4)
  A worker ant zombie (D:8)
  14 gnolls
  10 adders
  A shadow imp (D:6)
  An ooze (D:3)
  3 worms
  6 leopard geckos
  38 orcs
  A ball python (D:7)
  4 giant cockroaches
  7 goblins
  8 hobgoblins
  4 jackals
  9 kobolds
  5 quokkas
  5 bats
  7 frilled lizards
  A giant cockroach zombie (D:5)
  A jackal skeleton (D:4)
  A jackal zombie (D:5)
  A leopard gecko skeleton (D:7)
  A leopard gecko zombie (D:8)
  A quokka skeleton (D:7)
  A quokka zombie (D:5)
  7 rats
  4 fungi (D:8)
  A plant (D:8)
202 creatures vanquished.

Vanquished Creatures (others)
  A two-headed ogre (D:8)
  2 hippogriffs
  An ice beast (D:8)
  3 orc warriors
  5 ogres
  A centaur (D:6)
  3 orc priests
  2 iguanas
  A fungus (D:8)
19 creatures vanquished.

Grand Total: 221 creatures vanquished

Notes
Turn   | Place    | Note
-------+----------+-------------------------------------------
     0 | Abyss:1  | vurker the Formicid Abyssal Knight began the quest for the
                  | Orb.
     0 | Abyss:1  | Reached XP level 1. HP: 18/18 MP: 2/2
    29 | D:1      | Escaped the Abyss
   132 | D:1      | Reached XP level 2. HP: 21/24 MP: 3/3
   596 | D:2      | Reached XP level 3. HP: 26/29 MP: 3/5
   740 | D:1      | Reached skill level 3 in Axes
   865 | D:2      | Reached XP level 4. HP: 27/37 MP: 6/6
  1105 | D:2      | Reached ** piety under Lugonu
  1548 | D:2      | Reached XP level 5. HP: 32/42 MP: 7/7
  2361 | D:3      | Reached skill level 4 in Axes
  2475 | D:3      | Gained mutation: You are resistant to electric shocks.
                  | (rElec) [potion of mutation]
  2475 | D:3      | Gained mutation: You evolve. [potion of mutation]
  2475 | D:3      | Gained mutation: You passively map a small area around you.
                  | [potion of mutation]
  2502 | D:3      | Gained mutation: You are clumsy. (Dex -2) [evolution]
  2518 | D:3      | Found a blossoming altar of Fedhas.
  3075 | D:3      | Reached XP level 6. HP: 42/49 MP: 8/8
  3274 | D:3      | Reached *** piety under Lugonu
  3741 | D:4      | Found a snail-covered altar of Cheibriados.
  3988 | D:4      | Reached skill level 5 in Axes
  4002 | D:4      | Reached XP level 7. HP: 39/55 MP: 10/10
  4017 | D:4      | Reached skill level 5 in Fighting
  4545 | D:4      | Noticed Blork the orc
  4562 | D:4      | Killed Blork the orc
  4562 | D:4      | Reached skill level 5 in Invocations
  4704 | D:4      | Lost mutation: You are clumsy. (Dex -2) [evolution]
  4977 | D:5      | Entered Level 5 of the Dungeon
  5028 | D:5      | Reached skill level 6 in Axes
  5033 | D:5      | Reached XP level 8. HP: 40/63 MP: 11/11
  5286 | D:5      | Noticed Menkaure
  5299 | D:5      | Killed Menkaure
  5764 | D:5      | Reached skill level 7 in Axes
  6068 | D:5      | Got a bronze scale mail
  6135 | D:5      | Identified the +1 scale mail of Surprise {Stlth+} (You
                  | found it on level 5 of the Dungeon)
  6352 | D:5      | Reached XP level 9. HP: 27/71 MP: 13/13
  6495 | D:5      | Gained mutation: You are frail. (-10% HP) [evolution]
  6606 | D:5      | Got a translucent scale mail
  6621 | D:5      | Identified the cursed +0 scale mail of Watt {rPois Regen+
                  | Str+3} (You found it on level 5 of the Dungeon)
  6707 | D:5      | Found a glowing silver altar of Zin.
  7005 | D:6      | Reached skill level 8 in Axes
  7112 | D:6      | You fall into a shaft and drop 2 floors!
  7113 | D:8      | Noticed a two-headed ogre
  7113 | D:8      | Banished a two-headed ogre
  7166 | D:8      | Found a transporter.
  7166 | D:8      | Noticed a hippogriff
  7174 | D:8      | Banished a hippogriff
  7186 | D:8      | Noticed a deep troll
  7190 | D:8      | Noticed bmj180's ghost (novice HOFi)
  7364 | D:6      | Found a shimmering blue altar of Sif Muna.
  7366 | D:6      | Found a blossoming altar of Fedhas.
  7367 | D:6      | Found a shadowy altar of Dithmenos.
  7368 | D:6      | Found a basalt altar of Yredelemnul.
  7368 | D:6      | Found a radiant altar of Vehumet.
  7368 | D:6      | Found a burning altar of Makhleb.
  7368 | D:6      | Found a hazy altar of Hepliaklqana.
  7372 | D:6      | Found a white marble altar of Elyvilon.
  7373 | D:6      | Found a shattered altar of Ashenzari.
  7494 | D:6      | Found a staircase to the Ecumenical Temple.
  7521 | D:6      | Reached skill level 9 in Axes
  7764 | D:6      | Gained mutation: You are agile. (Dex +2) [evolution]
  8018 | D:7      | Found a shadowy altar of Dithmenos.
  8129 | D:7      | Noticed a hippogriff
  8130 | D:7      | Banished a hippogriff
  8130 | D:7      | Reached XP level 10. HP: 72/72 MP: 14/16
  8445 | D:7      | Found an iron altar of Okawaru.
  8445 | D:7      | Found a sparkling altar of Nemelex Xobeh.
  8743 | D:7      | Reached skill level 10 in Axes
  8871 | D:8      | Found a staircase to the Lair.
  9093 | D:8      | Noticed Joseph
  9107 | D:8      | Banished Joseph
  9264 | D:8      | Found a transporter.
  9630 | D:9      | Noticed Gastronok
 10165 | D:9      | Reached skill level 1 in Shields
 10354 | D:9      | Killed from afar by Gastronok

Levels and vault maps discovered:
D:1:      minmay_arrival_hallway, layout_rooms, minmay_misc_feat_ornament
D:2:      layout_rooms
D:3:      layout_basic, lemuel_altar_in_water
D:4:      layout_loops_cross, cheibriados_altar_1, nrook_loot_triangle,
          uniq_blork_the_orc
D:5:      layout_basic, lemuel_round_altar, first_ration,
          chequers_serial_rivers_small_a, uniq_menkaure
D:6:      layout_cave_pools, minitemple, minmay_temple_entry_butterflies
D:7:      layout_basic, gammafunk_temple_overflow_wave, basic_altar
D:8:      layout_cave_pools, due_lair_maze_entry_diamond, gammafunk_ghost_arena,
          uniq_joseph
D:9:      layout_loops_ring, uniq_gastronok

Skill      XL: |  1  2  3  4  5  6  7  8  9 10 |
---------------+-------------------------------+-----
Axes           | 3 4 5 6 7 9 10 | 10.7
Invocations    | 3 4 5 6 8 9 |  9.2
Fighting       | 4 5 6 7 9 |  9.0
Shields        | 1 |  1.0
Armour         | |  2.1
Dodging        | |  0.8

Action                   |  1- 3 |  4- 6 |  7- 9 | 10-12 || total
-------------------------+-------+-------+-------+-------++-------
Melee: Hand axe          |    72 |   235 |   415 |   296 ||  1018
Invok: Banish            |       |     1 |    10 |    11 ||    22
Evoke: Wand              |       |       |     1 |     7 ||     8
  Use: Potion            |       |     2 |     3 |       ||     5
       Scroll            |       |    12 |     3 |     2 ||    17
  Eat: Chunk             |       |    10 |    16 |     8 ||    34
       Ration            |       |       |     1 |     1 ||     2
Armor: Scale mail        |    32 |    77 |    47 |   117 ||   273
       Leather armour    |     1 |       |       |       ||     1
       Chain mail        |       |    36 |   103 |       ||   139
       Skin              |       |       |    36 |       ||    36
Dodge: Dodged            |    38 |   108 |   135 |   116 ||   397
Block: Other             |       |    13 |    30 |    19 ||    62
       Reflection        |       |     2 |       |       ||     2
       Shield            |       |       |       |    15 ||    15

Table legend:
 A = Non-vault XP
 B = Vault XP
 C = Vault XP percentage of total XP
 D = Non-vault monster count
 E = Vault monster count
 F = Vault count percentage of total count
                 A         B        C        D         E       F
            +---------+---------+-------+---------+---------+-------
      Total |    5482 |    1345 |  19.7 |     205 |      11 |   5.1
            +---------+---------+-------+---------+---------+-------
        D:1 |      37 |       0 |   0.0 |      16 |       0 |   0.0
        D:2 |     102 |       0 |   0.0 |      24 |       0 |   0.0
        D:3 |     213 |       0 |   0.0 |      31 |       0 |   0.0
        D:4 |     503 |      94 |  15.7 |      24 |       1 |   4.0
        D:5 |    1088 |     172 |  13.7 |      37 |       1 |   2.6
        D:6 |     488 |       0 |   0.0 |      12 |       0 |   0.0
        D:7 |     837 |     438 |  34.4 |      21 |       4 |  16.0
        D:8 |    1343 |     641 |  32.3 |      21 |       5 |  19.2
        D:9 |     871 |       0 |   0.0 |      19 |       0 |   0.0
            +---------+---------+-------+---------+---------+-------
